Map: Lerilak Crest

Players

MineralThief - Winner!

  • Race: Terran Terran
  • League: Gold

capac

  • Race: Terran Terran
  • League: Gold

VOD

Have the link to the VOD?

Description

Time

  • Played on: March 16, 2016, 5:30 p.m.
  • Length: 23:10
Show
View Real Time Build Order
Export as new Build Order

MineralThief Terran - Winner!

Build Orders:  

Get SALT Encoding   

  12  0:06  SCV  
  13  0:13  Supply Depot  
  13  0:20  SCV  
  14  0:32  SCV  
  15  0:38  Supply Depot  
  15  0:44  SCV  
  16  0:57  SCV  
  16  0:58  Refinery  
  16  1:01  Barracks  
  17  1:09  SCV  
  18  1:21  SCV  
  19  1:33  SCV  
  20  1:40  Command Center  
  20  1:46  SCV  
  21  1:55  Barracks Tech Lab  
  21  1:59  Orbital Command  
  21  2:22  Marauder  
  23  2:23  Concussive Shells  
  22  2:50  Marauder  
  24  2:53  SCV  
  25  3:02  Command Center  
  25  3:12  Marauder  
  26  3:27  Refinery  
  26  3:28  SCV  
  27  3:39  Bunker  
  27  3:40  SCV  
  28  3:51  SCV  
  28  3:53  SCV  
  30  4:05  SCV  
  30  4:08  SCV  
  32  4:12  Engineering Bay  
  32  4:16  Bunker  
  32  4:17  SCV, Command Center  
  32  4:20  SCV  
  32  4:21  SCV  
  35  4:29  SCV  
  36  4:32  SCV, Command Center  
  36  4:33  SCV  
  36  4:34  Factory  
  38  4:46  Missile Turret  
  38  4:51  Missile Turret  
  38  4:56  Planetary Fortress  
  38  5:04  Orbital Command  
  38  5:07  Missile Turret  
  38  5:09  Marauder  
  40  5:14  Missile Turret  
  40  5:15  Factory  
  40  5:22  Missile Turret  
  40  5:27  Factory Tech Lab  
  40  5:30  Marauder  
  43  5:35  SCV x2  
  43  5:36  SCV  
  43  5:40  Refinery  
  43  5:41  Refinery  
  45  5:47  SCV  
  45  5:48  Siege Tank, SCV x2  
  51  6:02  Orbital Command  
  51  6:04  SCV  
  51  6:05  SCV  
  51  6:07  Missile Turret  
  51  6:08  SCV  
  54  6:12  Missile Turret  
  54  6:13  Missile Turret  
  54  6:16  Factory Reactor  
  54  6:20  Siege Tank  
  54  6:21  Starport  
  54  6:25  Orbital Command  
  57  6:31  Starport  
  57  6:38  Engineering Bay  
  57  6:41  Building Armor  
  57  6:53  Missile Turret  
  57  6:54  Missile Turret  
  57  7:06  SCV x3  
  60  7:08  SCV  
  60  7:13  Starport Reactor, Missile Turret  
  61  7:15  Starport Reactor  
  61  7:16  Refinery  
  61  7:20  Hi-Sec Auto Tracking  
  61  7:26  Barracks  
  61  7:27  Barracks, Missile Turret  
  61  7:29  Refinery  
  61  7:31  Marauder  
  61  7:33  SCV x2  
  61  7:34  SCV  
  66  7:37  Missile Turret  
  66  7:58  SCV  
  66  7:59  SCV x3  
  70  8:05  Combat Shields  
  70  8:07  Orbital Command, Medivac x2  
  70  8:08  Medivac x2  
  70  8:10  Widow Mine x2, Siege Tank  
  85  8:13  SCV x4  
  89  8:24  Refinery  
  89  8:42  Liberator  
  89  9:10  Supply Depot  
  89  9:11  Marine, Barracks Reactor  
  89  9:12  Marine  
  89  9:15  Missile Turret  
  89  9:16  Missile Turret  
  91  9:20  Widow Mine  
  91  9:23  Liberator  
  91  9:25  Stimpack  
  91  9:26  Liberator x2  
  91  9:31  Widow Mine  
  91  9:32  Marine x2, Siege Tank  
  91  9:33  Supply Depot  
  91  9:37  Liberator  
  98  9:49  Widow Mine, Marine  
  99  9:54  Marine x2  
  99  9:56  Barracks Reactor  
  104  10:00  Widow Mine  
  104  10:04  Siege Tank  
  82  10:07  Marine  
  82  10:12  Marine x2  
  84  10:17  Widow Mine  
  84  10:18  SCV x3  
  87  10:25  Marine  
  88  10:28  Widow Mine  
  88  10:30  Marine x2  
  92  10:36  Siege Tank  
  92  10:37  Liberator x2  
  86  10:46  Widow Mine  
  88  10:56  Orbital Command  
  91  10:58  Liberator  
  91  11:10  Widow Mine  
  91  11:36  SCV  
  92  11:45  Supply Depot  
  92  11:46  Supply Depot x2  
  92  11:47  Supply Depot  
  92  11:48  Supply Depot x2  
  92  11:49  Supply Depot x2  
  92  11:50  Liberator x3  
  92  12:01  Refinery  
  92  12:06  Missile Turret  
  92  12:07  SCV x2  
  92  12:08  SCV x2  
  105  12:11  Starport  
  105  12:12  Supply Depot, Marine  
  105  12:13  Marine x4  
  105  12:14  Supply Depot  
  110  12:18  Terran Infantry Weapons Level 1, Terran Infantry Armor Level 1  
  110  12:19  SCV x2  
  110  12:20  SCV x2  
  113  12:30  Marine  
  113  12:31  Marine x4, SCV x2  
  113  12:32  Liberator, SCV x2  
  113  12:33  Liberator x3  
  119  12:44  SCV  
  129  13:15  Liberator x3  
  129  13:18  Command Center  
  129  13:28  Command Center  
  129  13:33  Viking  
  140  13:37  Command Center  
  140  13:56  Marine  
  140  13:57  Marine x4  
  140  14:02  Starport Tech Lab  
  145  14:05  Fusion Core  
  145  14:14  Marine  
  145  14:15  Marine x4  
  150  14:19  Medivac x4  
  158  14:32  Marine x5  
  135  14:50  Marine x5  
  108  15:08  Marine, Liberator x4  
  109  15:15  Planetary Fortress  
  109  15:16  Refinery  
  109  15:22  Planetary Fortress  
  109  15:23  Refinery  
  109  15:24  Battlecruiser  
  127  15:29  Advanced Ballistics  
  127  15:37  Planetary Fortress  
  127  15:46  Behemoth Reactor  
  110  16:01  Missile Turret  
  110  16:02  Refinery  
  110  16:03  Missile Turret  
  108  16:12  Missile Turret  
  108  16:14  Missile Turret  
  108  16:16  SCV  
  108  16:17  SCV x4  
  113  16:20  Refinery  
  113  16:23  Liberator x2  
  113  16:28  Battlecruiser, SCV  
  113  16:29  Armory, SCV x4  
  113  16:31  Armory  
  124  16:38  Marine x5  
  135  16:47  Refinery  
  135  16:48  Refinery, Missile Turret x2  
  132  16:55  Marine  
  132  16:56  Marine  
  131  17:01  Liberator x2  
  131  17:16  Weapon Refit  
  131  17:21  Terran Vehicle And Ship Armor Level 1  
  137  17:32  Battlecruiser  
  143  17:42  Liberator x2  
  108  17:44  Command Center  
  85  18:01  Liberator  
  85  18:02  Liberator  
  91  18:06  SCV x5  
  91  18:08  Missile Turret  
  91  18:12  Missile Turret x2  
  96  18:15  Missile Turret  
  96  18:18  SCV x2  
  104  18:24  Terran Ship Weapons Level 1  
  104  18:25  Liberator x2  
  104  18:28  Missile Turret  
  104  18:37  Battlecruiser  
  110  18:43  Command Center  
  110  18:44  Liberator  
  110  18:45  Liberator  
  116  18:50  SCV  
  116  18:51  Missile Turret, SCV x4  
  121  18:58  Refinery  
  127  19:03  SCV  
  127  19:07  Liberator x2  
  128  19:12  Refinery  
  128  19:15  Missile Turret  
  128  19:23  Missile Turret  
  128  19:25  Refinery, Missile Turret  
  128  19:27  Liberator x2  
  128  19:28  SCV  
  128  19:29  SCV x2  
  138  19:31  SCV  
  138  19:34  Orbital Command  
  138  19:35  Refinery  
  138  19:36  SCV  
  138  19:37  SCV  
  140  19:41  Battlecruiser  
  146  19:50  Liberator x2  
  146  19:51  Terran Vehicle And Ship Armor Level 2  
  145  20:10  Liberator  
  151  20:46  Liberator  
  151  20:47  Liberator x2  
  151  21:00  Starport  
  157  21:05  Viking  
  157  21:10  Viking  
  164  21:35  Viking  
  166  21:40  Viking  
  166  21:46  Viking  
  166  21:47  Viking x2  
  172  21:53  Command Center  
  174  22:05  Battlecruiser  
  144  22:34  Starport Reactor  
Show
View Real Time Build Order
Export as new Build Order

capac Terran 

Build Orders: Bio Tank 

Get SALT Encoding   

  12  0:00  SCV  
  13  0:13  SCV  
  14  0:17  Supply Depot  
  14  0:25  SCV  
  15  0:39  SCV  
  15  0:42  Barracks  
  16  0:51  SCV  
  16  0:53  Refinery  
  17  1:03  SCV  
  18  1:17  SCV  
  19  1:29  SCV  
  20  1:35  Command Center  
  20  1:37  Reaper  
  21  1:42  Orbital Command  
  21  1:55  Supply Depot  
  21  2:09  SCV  
  21  2:15  Factory  
  22  2:17  Marine  
  23  2:31  SCV  
  23  2:35  Refinery  
  24  2:37  Barracks Reactor  
  24  3:01  Factory Tech Lab  
  24  3:15  Bunker  
  24  3:28  Siege Tank  
  24  3:30  SCV x2  
  29  3:38  Barracks  
  29  3:40  Marine x2  
  31  3:43  Orbital Command  
  31  3:49  SCV  
  32  3:57  Starport, Marine  
  32  3:58  Marine  
  32  4:01  Supply Depot  
  34  4:06  SCV  
  35  4:12  Engineering Bay, SCV  
  35  4:16  Siege Tank  
  39  4:18  Marine x2, SCV  
  39  4:24  Supply Depot, SCV  
  43  4:30  SCV  
  43  4:35  Starport Reactor  
  43  4:36  SCV  
  43  4:38  Barracks Reactor  
  44  4:41  Barracks Tech Lab  
  44  4:42  Starport Reactor  
  44  4:43  SCV  
  45  4:48  SCV  
  45  4:50  Refinery  
  46  4:55  SCV  
  46  4:58  Supply Depot  
  47  5:03  SCV  
  47  5:05  Marine x2  
  47  5:06  Marine  
  52  5:07  SCV, Stimpack  
  52  5:13  Missile Turret  
  52  5:22  SCV x2  
  52  5:24  Siege Tank  
  57  5:34  Refinery  
  57  5:39  SCV  
  57  5:40  SCV  
  57  5:42  Marine x3  
  62  5:48  Medivac x2  
  66  5:52  SCV x2  
  66  5:53  Missile Turret  
  68  6:07  Supply Depot  
  68  6:08  Supply Depot  
  68  6:16  SCV x2  
  68  6:18  Missile Turret  
  70  6:29  Siege Tank  
  73  6:44  Medivac x2  
  73  6:45  Command Center  
  77  6:49  Supply Depot  
  77  6:53  Marine  
  77  6:54  Marine x2  
  80  7:03  Factory, Barracks  
  80  7:04  Starport  
  80  7:05  SCV x2  
  82  7:13  Terran Infantry Weapons Level 1  
  82  7:14  Combat Shields  
  82  7:16  Supply Depot, Medivac  
  82  7:18  Medivac  
  86  7:25  SCV x2  
  88  7:31  Command Center  
  88  7:34  Marine x3  
  91  7:52  Marine x3  
  94  8:06  Liberator x2  
  94  8:18  Marine x3  
  97  8:20  Barracks Reactor  
  97  8:22  Starport Reactor, Factory Tech Lab  
  106  8:34  Siege Tank  
  106  8:35  Marine  
  106  8:36  Marine  
  108  9:25  Siege Tank x2  
  108  9:29  Viking x2  
  108  9:30  Viking x2  
  122  9:31  Marine  
  122  9:32  Marine x2  
  122  9:34  Barracks  
  125  9:39  Orbital Command, SCV  
  125  9:41  Orbital Command  
  123  9:49  Marine  
  124  10:21  Marine x3  
  124  10:23  Siege Tank  
  124  10:39  Marine x2  
  115  10:45  Marine  
  116  10:57  Marine x2  
  116  11:03  Marine  
  119  11:04  Siege Tank  
  118  11:14  Marine  
  118  11:15  Marine  
  102  11:40  Marine x3  
  102  11:43  SCV x2  
  107  11:48  Barracks Reactor  
  107  11:49  Viking x4  
  107  11:52  Starport  
  107  11:53  Starport  
  115  11:54  Terran Infantry Armor Level 1  
  115  11:55  Marine x2, SCV  
  115  11:57  Marine x2  
  115  11:58  Marine  
  121  12:13  Marine x2  
  121  12:15  Marine x2  
  125  12:31  Marine x4  
  125  12:32  Siege Tank  
  103  12:55  Marine x4  
  103  12:56  Marine x2  
  109  13:04  Siege Tank  
  112  13:07  Starport Reactor  
  112  13:08  Starport Tech Lab  
  112  13:35  Siege Tank  
  115  13:42  Refinery x2  
  115  13:49  SCV x3  
  115  13:54  Viking, Supply Depot  
  115  13:55  Viking x5  
  128  14:01  SCV x2  
  132  14:03  Refinery  
  132  14:06  Refinery  
  132  14:09  Liberator  
  132  14:17  Liberator x2  
  132  14:18  Marine, Liberator x3  
  132  14:19  Marine x4  
  140  14:33  Supply Depot  
  155  14:39  Siege Tank x2  
  125  14:57  Marine x4  
  125  14:58  Marine x3  
  112  15:04  Medivac  
  112  15:05  Liberator x3  
  114  15:09  SCV x3  
  117  15:15  Marine x5  
  117  15:16  Marine x2  
  117  15:18  Supply Depot  
  117  15:20  Supply Depot  
  124  15:21  SCV x2, Medivac x2  
  139  15:33  Marine x6, Medivac  
  141  16:09  Liberator x2  
  141  16:10  Marine x4, Liberator x2  
  141  16:11  Marine x3  
  147  16:17  Command Center  
  148  16:24  Siege Tank x2  
  154  16:28  Marine x4  
  170  16:33  Marine x3  
  170  16:35  SCV  
  170  16:36  SCV x2  
  176  16:46  Marine x2  
  178  16:48  SCV  
  115  17:59  Viking x6  
  115  18:00  Viking  
  115  18:02  Orbital Command  
  126  18:29  Viking x6  
  138  18:46  Liberator x2  
  138  18:54  Marine x3  
  138  18:55  Marine x4  
  145  18:58  Siege Tank x2  
  151  19:06  Refinery  
  157  19:10  Refinery  
  157  19:12  Marine  
  158  19:30  Siege Tank x2  
  164  19:33  Orbital Command  
  164  19:44  Marine x2  
  164  19:45  Marine x5  
  169  20:02  Marine x2  
  169  20:03  Marine x4  
  175  20:38  Liberator x6  
  153  21:59  Liberator x2  
  153  22:00  Liberator x2  
Tags
 
Composition
Bio Tank
League
GoldGold
Matchup
TvT
Race
Terran
Add a new tag
Caveats
  • Supply blocks, unpowered buildings, or Contaminate may cause inaccurate times.
  • Supply counts are checked every 10 seconds.